 Dungeon Crawl Stone Soup version 0.24-a0-429-g4608c8fa30 (webtiles) character file.

Game seed: 412240827801831640

280 Ijustatesigmund the Skirmisher (level 6, 0/71 HPs)
             Began as an Ogre Fighter on June 13, 2019.
             Succumbed to a worker ant's poison
             ... in the Ecumenical Temple.
             The game lasted 00:04:49 (2128 turns).

Ijustatesigmund the Skirmisher (Ogre Fighter)       Turns: 2128, Time: 00:04:50

Health: 0/71       AC:  5    Str: 21    XL:     6   Next: 27%
Magic:  6/6        EV:  8    Int:  9    God:
Gold:   130        SH:  8    Dex: 10    Spells: 5/5 levels left

rFire    . . .     SeeInvis .   a - +1 flail
rCold    . . .     Gourm    .   c - +0 shield
rNeg     . . .     Faith    .   b - +2 robe
rPois    .         Spirit   .   (helmet restricted)
rElec    .         Reflect  .   (no cloak)
rCorr    .         Harm     .   (gloves unavailable)
MR       .....                  (boots unavailable)
Stlth    +.........             (no amulet)
HPRegen  0.21/turn              (no ring)
MPRegen  0.10/turn              (no ring)

@: lethally poisoned (0 -> -6), flying
A: large, unfitting armour, tough skin 1
a: no special abilities


You were in the Ecumenical Temple.
You were not hungry.

You visited 2 branches of the dungeon, and saw 5 of its levels.

You collected 130 gold pieces.

Inventory:

Hand Weapons
 a - a +1 flail (weapon)
Armour
 b - a +2 robe (worn)
 c - a +0 shield (worn)
Scrolls
 n - a scroll of immolation
Potions
 d - a potion of curing {unknown}
 e - a potion of brilliance {unknown}
 i - a potion of agility
 j - a potion of degeneration {unknown}
 l - a potion of lignification {unknown}
Comestibles
 f - 6 rations


   Skills:
 + Level 7.0 Fighting
 + Level 4.2 Maces & Flails
 - Level 2.6 Dodging
 - Level 2.6 Shields


You had 5 spell levels left.
You didn't know any spells.
Your spell library was empty.

Dungeon Overview and Level Annotations

Branches:
Dungeon (4/15)             Temple (1/1) D:4

Altars:
Elyvilon
Gozag
Nemelex Xobeh


Innate Abilities, Weirdness & Mutations

You are too large for most types of armour.
You have tough skin. (AC +1)


Message History

Reactivating autopickup.
Found a white marble altar of Elyvilon and an opulent altar of Gozag.
There is a staircase back to the Dungeon here.
You closely miss the worker ant. The adder barely misses you.
The worker ant closely misses you. You block the adder's attack.
The worker ant bites you.
* * * LOW HITPOINT WARNING * * *
Unknown command.
You hit the worker ant but do no damage.
You block the adder's attack. The worker ant barely misses you.
You closely miss the worker ant. You block the adder's attack.
The worker ant bites you.
* * * LOW HITPOINT WARNING * * *
You are lethally poisoned!
The worker ant poisons you! The adder bites you but does no damage.
The worker ant bites you but does no damage.
It was a potion of flight.
You feel very buoyant.
You fly up into the air.
You die...

... ._. ...
#.# #.#
##.##
##..S###...
#.a@....._.
##...###...
##.## ###


You could see a worker ant and an adder.

Vanquished Creatures
  Sigmund (D:2)
  An orc priest (D:4)
  3 adders
  A worm (D:2)
  A dart slug (D:2)
  2 leopard geckos (D:2)
  3 orcs (D:3)
  4 bats
  3 giant cockroaches
  7 goblins
  3 hobgoblins
  2 quokkas (D:3)
  A ball python (D:3)
  6 frilled lizards
  7 kobolds
  13 rats
58 creatures vanquished.

Notes
Turn   | Place    | Note
-------+----------+-------------------------------------------
     0 | D:1      | Ijustatesigmund the Ogre Fighter began the quest for the
                  | Orb.
     0 | D:1      | Reached XP level 1. HP: 24/24 MP: 1/1
   218 | D:1      | Reached XP level 2. HP: 33/33 MP: 2/2
   977 | D:2      | Reached XP level 3. HP: 41/41 MP: 3/3
  1078 | D:2      | Reached skill level 5 in Fighting
  1144 | D:2      | Found a sparkling altar of Nemelex Xobeh.
  1192 | D:2      | Noticed Sigmund
  1198 | D:2      | Killed Sigmund
  1198 | D:2      | Reached skill level 6 in Fighting
  1198 | D:2      | Reached XP level 4. HP: 53/53 MP: 4/4
  1198 | D:2      | Reached XP level 5. HP: 61/61 MP: 5/5
  1418 | D:3      | Reached XP level 6. HP: 54/68 MP: 6/6
  2098 | D:4      | Reached skill level 7 in Fighting
  2102 | D:4      | HP: 1/71 [something/magic dart (3)]
  2115 | D:4      | Found a staircase to the Ecumenical Temple.
  2124 | Temple   | Entered the Ecumenical Temple
  2125 | Temple   | HP: 1/71 [worker ant (3)]
  2128 | Temple   | Succumbed to a worker ant's poison

Levels and vault maps discovered:
D:1:      wander_arrival_peaceful_grave, layout_basic
D:2:      layout_basic, hangedman_abyss_or_decor_stabs, nemelex_altar_shiori,
          uniq_sigmund
D:3:      layout_rooms
D:4:      layout_basic, minmay_temple_entry_arrows, first_ration
Temple:   minmay_crystal_snake_temple

Skill      XL: |  1  2  3  4  5  6 |
---------------+-------------------+-----
Maces & Flails | 2 3 4 |  4.2
Fighting       | 6 7 |  7.0
Dodging        | |  2.6
Shields        | |  2.6

Action                   |  1- 3 |  4- 6 || total
-------------------------+-------+-------++-------
Melee: Flail             |   115 |    79 ||   194
  Use: Scroll            |     5 |     5 ||    10
       Potion            |     1 |     3 ||     4
 Stab: Sleeping          |     1 |       ||     1
  Eat: Chunk             |     1 |     3 ||     4
Armor: Robe              |    49 |    33 ||    82
Dodge: Dodged            |    55 |    27 ||    82
Block: Shield            |    72 |    51 ||   123

Table legend:
 A = Non-vault XP
 B = Vault XP
 C = Vault XP percentage of total XP
 D = Non-vault monster count
 E = Vault monster count
 F = Vault count percentage of total count
                 A         B        C        D         E       F
            +---------+---------+-------+---------+---------+-------
      Total |     170 |     231 |  57.6 |      57 |       1 |   1.7
            +---------+---------+-------+---------+---------+-------
        D:1 |      19 |       0 |   0.0 |      14 |       0 |   0.0
        D:2 |      53 |     231 |  81.3 |      21 |       1 |   4.5
        D:3 |      57 |       0 |   0.0 |      21 |       0 |   0.0
        D:4 |      41 |       0 |   0.0 |       1 |       0 |   0.0
            +---------+---------+-------+---------+---------+-------
